 Dungeon Crawl Stone Soup version 0.25-a0-265-g7af84ae0ac (webtiles) character file.

Game seed: 15739263668045244540, levelgen mode: deterministic

470 DavidChitty2 the Cudgeler (level 7, -3/44 HPs)
             Began as a Gargoyle Fighter on Dec 8, 2019.
             Was an Initiate of Okawaru.
             Killed by divine providence
             ... invoked by an orc priest
              (13 damage)
             ... on level 4 of the Dungeon.
             The game lasted 00:05:20 (3626 turns).

DavidChitty2 the Cudgeler (Gargoyle Fighter)        Turns: 3626, Time: 00:05:20

Health: -3/44      AC: 26    Str: 22    XL:     7   Next: 9%
Magic:  7/7        EV:  4    Int:  8    God:    Okawaru [......]
Gold:   158        SH:  9    Dex:  9    Spells: 6/6 levels left

rFire    . . .     SeeInvis .   a - +2 mace (protect)
rCold    . . .     Gourm    .   c - +0 shield
rNeg     + . .     Faith    .   m - +1 plate armour
rPois    ∞         Spirit   .   (no helmet)
rElec    +         Reflect  .   b - scarf {repulsion}
rCorr    .         Harm     .   u - +0 pair of gloves
MR       .....                  (no boots)
Stlth    ..........             (no amulet)
HPRegen  0.14/turn              (no ring)
MPRegen  0.10/turn              (no ring)

@: protection aura, repel missiles
A: negative energy resistance 1, electricity resistance, unbreathing,
petrification resistance, rot immunity, AC +4
a: Renounce Religion


You were on level 4 of the Dungeon.
You worshipped Okawaru.
Okawaru was noncommittal.
You were not hungry.

You visited 2 branches of the dungeon, and saw 5 of its levels.

You collected 158 gold pieces.

Inventory:

Hand Weapons
 a - a +2 mace of protection (weapon)
   (You found it on level 2 of the Dungeon)
Armour
 b - a scarf of repulsion (worn)
   (You found it on level 2 of the Dungeon)
 c - a +0 shield (worn)
 m - a +1 plate armour (worn)
   (You found it on level 2 of the Dungeon)
 u - a +0 pair of gloves (worn)
   (You found it on level 3 of the Dungeon)
Wands
 v - a wand of digging (5)
   (You found it on level 2 of the Dungeon)
Scrolls
 g - a scroll of identify {@r1}
 h - 2 scrolls of teleportation {@r4}
 k - a scroll of remove curse {@r2}
 n - a scroll of enchant weapon {unknown}
Potions
 d - a potion of might
 f - 3 potions of brilliance
 j - a potion of mutation {!q}
 l - a potion of invisibility
 r - a potion of agility
 s - a potion of cancellation
 t - a potion of haste {@q3}
Comestibles
 e - 6 rations {!d}
 i - a chunk of flesh


   Skills:
 + Level 4.7 Fighting
 * Level 4.8 Maces & Flails
 + Level 4.7 Armour
 + Level 4.8 Shields
 + Level 0.4 Invocations


You had 6 spell levels left.
You didn't know any spells.
Your spell library contained the following spells:

 Spells                   Type           Power        Failure   Level  Hunger
 Beastly Appendage        Tmut           #.....       100%        1    ##.....
 Sticks to Snakes         Tmut           #.......     100%        2    ###....
 Spider Form              Tmut/Pois      #.........   100%        3    ####...
 Ice Form                 Ice/Tmut       #.......     100%        4    #####..
 Blade Hands              Tmut           #.........   100%        5    ######.


Dungeon Overview and Level Annotations

Branches:
Dungeon (4/15)             Temple (1/1) D:4

Altars:
Ashenzari
Cheibriados
Dithmenos
Elyvilon
Gozag
Okawaru
Trog
Uskayaw
Vehumet
Xom
Zin
Lugonu


Innate Abilities, Weirdness & Mutations

You are resistant to torment.
Your stone body is resilient. (AC +4)
You are immune to poison.
You resist negative energy. (rN+)
You are resistant to electric shocks. (rElec)
You can survive without breathing.
You are immune to petrification.
You are immune to rotting.


Message History

You sock the orc wizard!
The orc wizard hits you but does no damage.
You hit the orc wizard but do no damage.
The orc priest invokes the aid of Beogh against you.
Beogh smites you!
The orc wizard gestures at you while chanting.
The puff of flame misses you. You block the orc priest's attack.
The orc wizard points at you and mumbles some strange words.
The puff of flame hits you but does no damage.
You closely miss the orc wizard.
The orc wizard hits you but does no damage.
You closely miss the orc wizard. You block the orc priest's attack.
The orc wizard gestures at you while chanting.
The puff of flame hits you but does no damage.
The orc wizard casts a spell.
The orc wizard seems to speed up.
You closely miss the orc wizard. You block the orc priest's attack.
The orc wizard hits you but does no damage.
The orc wizard gestures at you while chanting.
You are confused.
The orc priest hits you but does no damage.
You are too confused!
You miss the orc priest.
The orc wizard hits you but does no damage. x2
The orc wizard points at you and mumbles some strange words.
The magic dart hits you but does no damage.
The orc priest hits you but does no damage.
The orc wizard hits you but does no damage.
You closely miss the orc priest. The orc wizard barely misses you.
The orc wizard hits you with a +0 dagger.
The orc priest hits you.
* * * LOW HITPOINT WARNING * * *
The orc wizard barely misses you.
You hit the orc priest.
Your weapon exudes an aura of protection.
The orc wizard casts a spell at you.
The magic dart hits you but does no damage.
The orc priest hits you but does no damage.
The orc wizard hits you but does no damage. x2
You barely miss the orc priest.
You feel less confused. You block the orc wizard's attack.
The orc priest calls down the wrath of Beogh upon you.
Beogh smites you!
* * * LOW HITPOINT WARNING * * *
You block the orc wizard's attack.
The orc wizard hits you but does no damage.
The orc priest mumbles some strange prayers to Beogh against you.
Beogh smites you!
You die...

#...#.. ###...#.##
##........
...#.....#######........
.......................
#.#.........# #.....o..
##.#.........# #o....o..
#............# #........
####..#..÷.#..o@# #........
#..........#..oo###........
#..........#...............
#..........###.........####
##.......#### #.........#
.........# #.........#
#####..### #.........#
###..### ########'## #.
#......## .# #.


You could see an orc priest and 2 orc wizards.

Vanquished Creatures
  5 orc wizards
  A centaur skeleton (D:4)
  An iguana (D:1)
  A worker ant (D:4)
  6 gnolls
  7 adders
  3 oozes
  An adder skeleton (D:4)
  2 worms
  3 dart slugs
  5 leopard geckos
  11 orcs
  5 bats
  7 giant cockroaches
  6 hobgoblins
  2 jackals (D:2)
  3 quokkas
  5 frilled lizards
  8 goblins
  A jackal skeleton (D:4)
  8 kobolds
  9 rats
100 creatures vanquished.

Notes
Turn   | Place    | Note
-------+----------+-------------------------------------------
     0 | D:1      | DavidChitty2 the Gargoyle Fighter began the quest for the
                  | Orb.
     0 | D:1      | Reached XP level 1. HP: 14/14 MP: 1/1
   149 | D:1      | Reached XP level 2. HP: 19/19 MP: 2/2
   513 | D:1      | Reached XP level 3. HP: 23/23 MP: 3/3
  1307 | D:1      | Reached XP level 4. HP: 12/29 MP: 4/4
  1725 | D:2      | Found a white marble altar of Elyvilon.
  1754 | D:2      | Reached XP level 5. HP: 33/33 MP: 5/5
  2714 | D:3      | Reached XP level 6. HP: 30/38 MP: 6/6
  2723 | D:3      | Found a shadowy altar of Dithmenos.
  3435 | D:4      | Found a staircase to the Ecumenical Temple.
  3460 | Temple   | Entered the Ecumenical Temple
  3500 | Temple   | Became a worshipper of Warmaster Okawaru
  3581 | D:4      | Reached XP level 7. HP: 38/44 MP: 7/7
  3626 | D:4      | Killed from afar by an orc priest

Levels and vault maps discovered:
D:1:      dpeg_arrival_prison, layout_basic
D:2:      layout_loops_cross, old_standard_altar
D:3:      layout_basic, grunt_dithmenos_smoke_and_mirrors
D:4:      layout_basic, minmay_temple_entry_antechambers, serial_shops, shop,
          uniq_edmund
Temple:   corrupted_temple

Skill      XL: |  1  2  3  4  5 |
---------------+----------------+-----
Maces & Flails | 3 4 |  4.8
Shields        | 4 |  4.8
Fighting       | 4 |  4.7
Armour         | 4 |  4.7
Invocations    | |  0.4

Action                   |  1- 3 |  4- 6 |  7- 9 || total
-------------------------+-------+-------+-------++-------
Melee: Flail             |   190 |   251 |       ||   441
       Mace              |       |    58 |    20 ||    78
  Use: Scroll            |       |    12 |       ||    12
  Eat: Chunk             |     2 |     7 |     1 ||    10
Armor: Scale mail        |    70 |       |       ||    70
       Plate armour      |    81 |   261 |    25 ||   367
Dodge: Dodged            |    54 |    60 |     6 ||   120
Block: Shield            |   124 |   179 |    13 ||   316

Table legend:
 A = Non-vault XP
 B = Vault XP
 C = Vault XP percentage of total XP
 D = Non-vault monster count
 E = Vault monster count
 F = Vault count percentage of total count
                 A         B        C        D         E       F
            +---------+---------+-------+---------+---------+-------
      Total |     660 |      12 |   1.8 |      93 |       7 |   7.0
            +---------+---------+-------+---------+---------+-------
        D:1 |      91 |      12 |  11.7 |      26 |       7 |  21.2
        D:2 |     128 |       0 |   0.0 |      27 |       0 |   0.0
        D:3 |     175 |       0 |   0.0 |      28 |       0 |   0.0
        D:4 |     266 |       0 |   0.0 |      12 |       0 |   0.0
            +---------+---------+-------+---------+---------+-------
